BSA
NASHVILLE G-STRINGS @ KANSAS CITY KINGS
03/03/2027
 
TOP OF THE 1ST
Madison Bombers batting - Pitching for Kansas City Kings : RHP Javier García
Pitching: RHP Javier García
Batting: RHB Guo-xiu Choi 0-0: Called Strike
0-1: Ball
1-1: Ground out 4-3 (Groundball, 34)
Batting: SHB Jorge Flores 0-0: Ball
1-0: Ball
2-0: Foul Ball, location: 2F
2-1: Foul Ball, location: 2F
2-2: Foul Ball, location: 2F
2-2: Strikes out swinging
Batting: RHB Sergio Márquez 0-0: Called Strike
0-1: DOUBLE (Line Drive, 78XD)
Batting: RHB Juan Costello 0-0: SINGLE (Line Drive, 34D)
Sergio Márquez to third
Runner from 3rd tries for Home, SAFE, no throw
Batting: LHB Mike Callahan 0-0: Ball
1-0: Ball
2-0: Called Strike
2-1: Foul Ball, location: 2F
2-2: Ball
3-2: Ground out 4-3 (Groundball, 4)
Top of the 1st over - 1 run(s), 2 hit(s), 0 error(s), 1 left on base; Madison 1 - Kansas City 0
BOTTOM OF THE 1ST
Kansas City Kings batting - Pitching for Madison Bombers : RHP Arthur Green
Pitching: RHP Arthur Green
Batting: LHB Brian Boone 0-0: Ground out 1-3 (Groundball, P)
Batting: SHB Douglas Taylor 0-0: Called Strike
0-1: Called Strike
0-2: Ball
1-2: Foul Ball, location: 2F
1-2: Reached on error, E6 (Groundball, 6)
Batting: RHB Toshimichi Kono 0-0: Ground out 6-3 (Groundball, 6)
Douglas Taylor to second
Batting: LHB Pablo Reyes 0-0: Swinging Strike
0-1: Ball
1-1: Foul Ball, location: 2F
1-2: Fly out, F7 (Flyball, 78M)
Bottom of the 1st over - 0 run(s), 0 hit(s), 1 error(s), 1 left on base; Madison 1 - Kansas City 0
TOP OF THE 2ND
Madison Bombers batting - Pitching for Kansas City Kings : RHP Javier García
Batting: RHB Will Brown 0-0: Called Strike
0-1: SINGLE (Line Drive, 4MD)
Batting: SHB Bob Warren 0-0: Called Strike
0-1: Ball
1-1: Ball
2-1: Foul Ball, location: 2F
2-2: Foul Ball, location: 2F
2-2: Strikes out swinging
Batting: RHB William Farmer 0-0: Called Strike
0-1: Fielders Choice at 2nd, 4-6 (Groundball, 4)
Batting: RHB Cris Fuentes 0-0: Fly out, F8 (Flyball, 8RS)
Top of the 2nd over - 0 run(s), 1 hit(s), 0 error(s), 1 left on base; Madison 1 - Kansas City 0
BOTTOM OF THE 2ND
Kansas City Kings batting - Pitching for Madison Bombers : RHP Arthur Green
Batting: RHB Chris Chandler 0-0: Ball
1-0: Ground out 5-3 (Groundball, 56S)
Batting: RHB Dave Parker 0-0: Ball
1-0: Called Strike
1-1: Ball
2-1: Fly out, F9 (Flyball, 9S)
Batting: SHB José Cruz 0-0: Foul Ball, location: 2F
0-1: Ball
1-1: Ball
2-1: Swinging Strike
2-2: Strikes out swinging
Bottom of the 2nd over - 0 run(s), 0 hit(s), 0 error(s), 0 left on base; Madison 1 - Kansas City 0
TOP OF THE 3RD
Madison Bombers batting - Pitching for Kansas City Kings : RHP Javier García
Batting: RHB Guo-xiu Choi 0-0: Ball
1-0: Ball
2-0: Ground out 6-3 (Groundball, 6M)
Batting: SHB Jorge Flores 0-0: Foul Ball, location: 2F
0-1: Ball
1-1: Ball
2-1: SINGLE (Line Drive, 78M)
Batting: RHB Sergio Márquez 0-0: Called Strike
0-1: Swinging Strike
0-2: Ball
1-2: Ball
2-2: Foul Ball, location: 2F
2-2: Foul Ball, location: 2F
2-2: Ball
Wild Pitch!
Jorge Flores to second
3-2: Fly out, F8 (Flyball, 8RD)
Runner from 2nd tags up, SAFE at 3rd, no throw
Batting: RHB Juan Costello 0-0: Foul Ball, location: 2F
0-1: Swinging Strike
0-2: Strikes out looking
Top of the 3rd over - 0 run(s), 1 hit(s), 0 error(s), 1 left on base; Madison 1 - Kansas City 0
BOTTOM OF THE 3RD
Kansas City Kings batting - Pitching for Madison Bombers : RHP Arthur Green
Batting: SHB António De La Cruz 0-0: Called Strike
0-1: Ball
1-1: Ball
2-1: Ball
3-1: Base on Balls
Batting: RHB Raúl Bruno 0-0: Swinging Strike
0-1: Foul Ball, location: 2F
0-2: Ball
1-2: SINGLE (Groundball, 6D)
António De La Cruz to second
Batting: LHB Brian Boone 0-0: Fielders Choice at 2nd, 3-6 (Groundball, 3)
António De La Cruz to third
Batting: SHB Douglas Taylor 0-0: Ball
1-0: SINGLE (Groundball, 34D)
António De La Cruz scores
Brian Boone to second
Runner from 2nd tries for 3rd, SAFE, throw made to third
Douglas Taylor to second
Batting: RHB Toshimichi Kono 0-0: Ball
1-0: Swinging Strike
1-1: Foul Ball, location: 2F
1-2: Ball
2-2: Fly out, F7 (Line Drive, 7)
Runner from 3rd tags up, SCORES, no throw
Batting: LHB Pablo Reyes 0-0: Foul Ball, location: 2F
0-1: Fly out, F8 (Line Drive, 8LD)
Bottom of the 3rd over - 2 run(s), 2 hit(s), 0 error(s), 1 left on base; Madison 1 - Kansas City 2
TOP OF THE 4TH
Madison Bombers batting - Pitching for Kansas City Kings : RHP Javier García
Batting: LHB Mike Callahan 0-0: Ball
1-0: Ball
2-0: Foul Ball, location: 2F
2-1: Foul Ball, location: 2F
2-2: Ball
3-2: SINGLE (Line Drive, 6M)
Batting: RHB Will Brown 0-0: Ball
1-0: Ball
2-0: Foul Ball, location: 2F
2-1: Fly out, F7 (Line Drive, 7)
Batting: SHB Bob Warren Pickoff Throw to First - Out!
0-0: SINGLE (Groundball, 6D)
Batting: RHB William Farmer 0-0: Fly out, F9 (Flyball, 9S)
Top of the 4th over - 0 run(s), 2 hit(s), 0 error(s), 1 left on base; Madison 1 - Kansas City 2
BOTTOM OF THE 4TH
Kansas City Kings batting - Pitching for Madison Bombers : RHP Arthur Green
Batting: RHB Chris Chandler 0-0: Called Strike
0-1: Ball
1-1: Ball
2-1: Fly out, F7 (Line Drive, 7)
Batting: RHB Dave Parker 0-0: Ball
1-0: Foul Ball, location: 2F
1-1: Fly out, F8 (Flyball, 78M)
Batting: SHB José Cruz 0-0: Ball
1-0: Foul Ball, location: 2F
1-1: Hit by Pitch
Batting: SHB António De La Cruz 0-0: SINGLE (Groundball, 34) (infield hit)
José Cruz to second
Batting: RHB Raúl Bruno 0-0: Ball
1-0: Ball
2-0: Fielders Choice at 2nd, 6-4 (Groundball, 6)
Bottom of the 4th over - 0 run(s), 1 hit(s), 0 error(s), 1 left on base; Madison 1 - Kansas City 2
TOP OF THE 5TH
Madison Bombers batting - Pitching for Kansas City Kings : RHP Javier García
Pitching: RHP Ray McIntyre
Batting: RHB Cris Fuentes 0-0: Called Strike
0-1: Called Strike
0-2: Ball
1-2: Fly out, F7 (Flyball, 7D)
Batting: RHB Guo-xiu Choi 0-0: Reached on error, E5 (Groundball, 5)
Batting: SHB Jorge Flores 0-0: Grounds into double play, 6-4-3 (Groundball, 6)
Top of the 5th over - 0 run(s), 0 hit(s), 1 error(s), 0 left on base; Madison 1 - Kansas City 2
BOTTOM OF THE 5TH
Kansas City Kings batting - Pitching for Madison Bombers : RHP Arthur Green
Pitching: LHP Dave Carbone
Batting: LHB Brian Boone 0-0: Ball
1-0: Ball
2-0: Swinging Strike
2-1: Swinging Strike
2-2: Strikes out swinging
Batting: SHB Douglas Taylor 0-0: Ball
1-0: Fly out, F9 (Flyball, 9LS)
Batting: RHB Toshimichi Kono 0-0: Fly out, F8 (Flyball, 8LS)
Bottom of the 5th over - 0 run(s), 0 hit(s), 0 error(s), 0 left on base; Madison 1 - Kansas City 2
TOP OF THE 6TH
Madison Bombers batting - Pitching for Kansas City Kings : RHP Ray McIntyre
Batting: RHB Sergio Márquez 0-0: Ball
1-0: Ball
2-0: SINGLE (Line Drive, 34D)
Batting: RHB Juan Costello 0-0: Ball
1-0: Ball
2-0: Called Strike
2-1: Ball
3-1: Grounds into double play, 5-4-3 (Groundball, 56)
Batting: LHB Mike Callahan 0-0: Ball
1-0: Called Strike
1-1: Ball
2-1: Ball
3-1: Base on Balls
Batting: RHB Will Brown 0-0: Called Strike
0-1: Ball
1-1: Called Strike
Balk!
Mike Callahan to second
1-2: Ball
2-2: Ball
3-2: Foul Ball, location: 2F
3-2: SINGLE (Line Drive, 56)
Mike Callahan to third
Mike Callahan scores
Batting: SHB Bob Warren 0-0: Called Strike
0-1: Called Strike
0-2: Ball
1-2: Strikes out swinging
Top of the 6th over - 1 run(s), 2 hit(s), 0 error(s), 1 left on base; Madison 2 - Kansas City 2
BOTTOM OF THE 6TH
Kansas City Kings batting - Pitching for Madison Bombers : LHP Dave Carbone
Batting: LHB Pablo Reyes 0-0: Called Strike
0-1: SINGLE (Line Drive, 4D)
Batting: RHB Chris Chandler 0-0: Fly out, F5 (Popup, 56S)
Batting: RHB Dave Parker 0-0: Called Strike
0-1: Called Strike
0-2: Ball
1-2: Strikes out looking
Batting: SHB José Cruz 0-0: Fly out, F2 (Popup, 2L)
Bottom of the 6th over - 0 run(s), 1 hit(s), 0 error(s), 1 left on base; Madison 2 - Kansas City 2
TOP OF THE 7TH
Madison Bombers batting - Pitching for Kansas City Kings : RHP Ray McIntyre
Pinch Hitting: RHB John Denton 0-0: Foul Ball, location: 2F
0-1: Foul Ball, location: 2F
0-2: Ball
1-2: Fly out, F8 (Flyball, 8RD)
Batting: RHB Cris Fuentes 0-0: Called Strike
0-1: Foul Ball, location: 2F
0-2: Ground out 4-3 (Groundball, 4)
Pinch Hitting: LHB George Smith 0-0: Ball
1-0: Ground out 4-3 (Groundball, 4)
Top of the 7th over - 0 run(s), 0 hit(s), 0 error(s), 0 left on base; Madison 2 - Kansas City 2
BOTTOM OF THE 7TH
Kansas City Kings batting - Pitching for Madison Bombers : LHP Dave Carbone
Now in CF: Bruce Brooks
Now in RF: John Denton
Batting: SHB António De La Cruz 0-0: Ball
1-0: Ground out 4-3 (Groundball, 4M)
Batting: RHB Raúl Bruno 0-0: Ground out 3-1 (Groundball, 34)
Pinch Hitting: RHB Norm Francis 0-0: Fly out, F6 (Popup, 56D)
Bottom of the 7th over - 0 run(s), 0 hit(s), 0 error(s), 0 left on base; Madison 2 - Kansas City 2
TOP OF THE 8TH
Madison Bombers batting - Pitching for Kansas City Kings : RHP Ray McIntyre
Now in RF: Ray Spencer
Pinch Hitting: SHB Ricardo Arévalo 0-0: Called Strike
0-1: Fly out, F7 (Flyball, 78XD)
Pinch Hitting: RHB Jesús Cabrera 0-0: Ball
1-0: Ball
2-0: Foul Ball, location: 2F
2-1: Ground out 6-3 (Groundball, 6)
Pinch Hitting: LHB Ramón Morales 0-0: Called Strike
0-1: Called Strike
0-2: Ball
1-2: Ground out 6-3 (Groundball, 6D)
Top of the 8th over - 0 run(s), 0 hit(s), 0 error(s), 0 left on base; Madison 2 - Kansas City 2
BOTTOM OF THE 8TH
Kansas City Kings batting - Pitching for Madison Bombers : LHP Dave Carbone
Now at 2B: Jesús Cabrera
Now at 3B: Alex Henderson
Now at SS: Ricardo Arévalo
Pinch Hitting: RHB Eric Fuller 0-0: Foul Ball, location: 2F
0-1: Called Strike
0-2: Fly out, F7 (Flyball, 7LS)
Batting: RHB Roberto García 0-0: Ball
1-0: Swinging Strike
1-1: Ball
2-1: Foul Ball, location: 2F
2-2: Foul Ball, location: 2F
2-2: Ground out 5-3 (Groundball, 56S)
Pinch Hitting: RHB Nobuharu Hoshino 0-0: Ball
1-0: Called Strike
1-1: Ball
2-1: Foul Ball, location: 2F
2-2: Strikes out swinging
Bottom of the 8th over - 0 run(s), 0 hit(s), 0 error(s), 0 left on base; Madison 2 - Kansas City 2
TOP OF THE 9TH
Madison Bombers batting - Pitching for Kansas City Kings : RHP Ray McIntyre
Pitching: LHP Curt Montgomery
Now at 1B: Eric Fuller
Now in LF: Keitaro Suzuki
Batting: RHB Dick Slagboom 0-0: Swinging Strike
0-1: Foul Ball, location: 2F
0-2: Foul Ball, location: 2F
0-2: Ball
1-2: Strikes out swinging
Pinch Hitting: RHB Eric Thompson 0-0: Ball
1-0: Called Strike
1-1: Ball
2-1: Foul Ball, location: 2F
2-2: Foul Ball, location: 2F
2-2: Foul Ball, location: 2F
2-2: Ball
3-2: Foul Ball, location: 2F
3-2: Foul Ball, location: 2F
3-2: Foul Ball, location: 2F
3-2: Strikes out swinging
Pinch Hitting: RHB Shawn Marshall 0-0: Foul Ball, location: 2F
0-1: Ball
1-1: Fly out, F9 (Flyball, 9)
Top of the 9th over - 0 run(s), 0 hit(s), 0 error(s), 0 left on base; Madison 2 - Kansas City 2
BOTTOM OF THE 9TH
Kansas City Kings batting - Pitching for Madison Bombers : LHP Dave Carbone
Now at 1B: Shawn Marshall
Now in RF: Eric Thompson
Pinch Hitting: RHB Ronald Parsons 0-0: Foul Ball, location: 2F
0-1: Ball
1-1: Ball
2-1: Ground out 1-3 (Groundball, P)
Pinch Hitting: RHB Michael Thomas 0-0: Ball
1-0: Ball
2-0: Ball
3-0: Base on Balls
Pinch Hitting: LHB Ron Crawford 0-0: Called Strike
0-1: Ground out U3 (Groundball, 3L)
Michael Thomas to second
Batting: SHB António De La Cruz 0-0: Swinging Strike
0-1: Ball
1-1: Fly out, F7 (Line Drive, 7D)
Bottom of the 9th over - 0 run(s), 0 hit(s), 0 error(s), 1 left on base; Madison 2 - Kansas City 2
TOP OF THE 10TH
Madison Bombers batting - Pitching for Kansas City Kings : LHP Curt Montgomery
Now at 2B: David Canseco
Now at 3B: Michael Thomas
Now in RF: Ron Crawford
Batting: RHB John Denton 0-0: Ball
1-0: Called Strike
1-1: SINGLE (Line Drive, 56)
Pinch Hitting: RHB Vicente Vélez 0-0: Ball
1-0: Swinging Strike
1-1: Called Strike
1-2: Ball
2-2: Foul Ball, location: 2F
2-2: Foul Ball, location: 2F
2-2: Ball
3-2: Fly out, F8 (Flyball, 8LD)
Batting: RHB Bruce Brooks 0-0: Foul Ball, location: 2F
0-1: Ball
1-1: Swinging Strike
1-2: Strikes out swinging
Batting: SHB Ricardo Arévalo 0-0: Swinging Strike
0-1: Swinging Strike
0-2: Ball
1-2: Foul Ball, location: 2F
1-2: Foul Ball, location: 2F
1-2: Ball
John Denton steals 2nd base
2-2: Ball
3-2: Strikes out swinging
Top of the 10th over - 0 run(s), 1 hit(s), 0 error(s), 1 left on base; Madison 2 - Kansas City 2
BOTTOM OF THE 10TH
Kansas City Kings batting - Pitching for Madison Bombers : LHP Dave Carbone
Now at C: John Horton
Pinch Hitting: LHB Manny Salazar 0-0: SINGLE (Line Drive, 78S)
Batting: LHB Ray Spencer 0-0: Ground out 4-3 (Groundball, 4S)
Manny Salazar to second
Batting: RHB Eric Fuller 0-0: Called Strike
0-1: Ball
1-1: Fly out, F8 (Flyball, 8RS)
Batting: RHB Roberto García 0-0: Called Strike
0-1: Ground out 6-3 (Groundball, 6)
Bottom of the 10th over - 0 run(s), 1 hit(s), 0 error(s), 1 left on base; Madison 2 - Kansas City 2
TOP OF THE 11TH
Madison Bombers batting - Pitching for Kansas City Kings : LHP Curt Montgomery
Now in CF: Manny Salazar
Batting: RHB Jesús Cabrera 0-0: Foul Ball, location: 2F
0-1: Foul Ball, location: 2F
0-2: Ball
1-2: Foul Ball, location: 2F
1-2: Ball
2-2: Ball
3-2: Foul Ball, location: 2F
3-2: Fly out, F8 (Flyball, 78S)
Pinch Hitting: RHB Júlio Sánchez 0-0: Ball
1-0: Swinging Strike
1-1: Foul Ball, location: 2F
1-2: Strikes out swinging
Batting: RHB Dick Slagboom 0-0: Foul Ball, location: 2F
0-1: Ball
1-1: Called Strike
1-2: Ball
2-2: Foul Ball, location: 2F
2-2: Foul Ball, location: 2F
2-2: Ball
3-2: Foul Ball, location: 2F
3-2: SINGLE (Line Drive, 5L)
Pinch Runner at 1st Aurelio Cruz:
Batting: RHB Eric Thompson 0-0: Ball
1-0: Ball
2-0: Called Strike
2-1: Called Strike
2-2: Foul Ball, location: 2F
2-2: Foul Ball, location: 2F
2-2: Ball
3-2: Foul Ball, location: 2F
3-2: Strikes out swinging
Top of the 11th over - 0 run(s), 1 hit(s), 0 error(s), 1 left on base; Madison 2 - Kansas City 2
BOTTOM OF THE 11TH
Kansas City Kings batting - Pitching for Madison Bombers : LHP Dave Carbone
Now at 3B: Júlio Sánchez
Batting: RHB Keitaro Suzuki 0-0: Foul Ball, location: 2F
0-1: Ground out 6-3 (Groundball, 6)
Pitching: RHP Clint John
Pinch Hitting: LHB John Frost 0-0: Ground out 2-3 (Groundball, 2L)
Batting: RHB Michael Thomas 0-0: Swinging Strike
0-1: Called Strike
0-2: Fly out, F6 (Popup, 6D)
Bottom of the 11th over - 0 run(s), 0 hit(s), 0 error(s), 0 left on base; Madison 2 - Kansas City 2
TOP OF THE 12TH
Madison Bombers batting - Pitching for Kansas City Kings : LHP Curt Montgomery
Now at SS: Dennis Garner
Batting: RHB Shawn Marshall 0-0: Called Strike
0-1: Ball
1-1: Ball
2-1: Called Strike
2-2: SINGLE (Line Drive, 9LS)
Batting: RHB John Denton 0-0: Foul Ball, location: 2F
0-1: Ball
1-1: Ball
2-1: SINGLE (Groundball, 56D)
Shawn Marshall to second
Pinch Hitting: RHB Greg King 0-0: Sac Bunt - play at first, batter OUT! 1-4
Shawn Marshall to third
John Denton to second
Batting: RHB Bruce Brooks 0-0: Fly out, F7 (Flyball, 7S)
Batting: SHB Ricardo Arévalo 0-0: Ball
1-0: Called Strike
1-1: Ground out 4-3 (Groundball, 4D)
Top of the 12th over - 0 run(s), 2 hit(s), 0 error(s), 2 left on base; Madison 2 - Kansas City 2
BOTTOM OF THE 12TH
Kansas City Kings batting - Pitching for Madison Bombers : RHP Clint John
Now at C: Kirk Powell
Batting: LHB Ron Crawford 0-0: Foul Ball, location: 2F
0-1: Ball
1-1: Foul Ball, location: 2F
1-2: Ball
2-2: Strikes out swinging
Batting: SHB António De La Cruz 0-0: Called Strike
0-1: Ground out 3-1 (Groundball, 34)
Batting: LHB Manny Salazar 0-0: Fly out, F7 (Line Drive, 7)
Bottom of the 12th over - 0 run(s), 0 hit(s), 0 error(s), 0 left on base; Madison 2 - Kansas City 2
TOP OF THE 13TH
Madison Bombers batting - Pitching for Kansas City Kings : LHP Curt Montgomery
Batting: RHB Jesús Cabrera 0-0: Called Strike
0-1: Reached on error, E6 (Groundball, 6)
Batting: RHB Júlio Sánchez 0-0: Called Strike
0-1: Ball
Jesús Cabrera steals 2nd base
1-1: Intentional Walk
Batting: RHB Aurelio Cruz 0-0: Ball
Jesús Cabrera steals 3rd base
Júlio Sánchez to second
1-0: Ground out 4-3 (Groundball, 4M)
Batting: RHB Eric Thompson 0-0: DOUBLE (Line Drive, 7LM)
Jesús Cabrera scores
Júlio Sánchez scores
Pitching: RHP Ron Martin
Batting: RHB Shawn Marshall 0-0: Ball
Eric Thompson steals 3rd base
1-0: Foul Ball, location: 2F
1-1: Ball
2-1: Swinging Strike
2-2: SINGLE (Line Drive, 89S)
Eric Thompson scores
Pinch Hitting: RHB Bailey Ramsey 0-0: Ball
1-0: Grounds into double play, 5-4-3 (Groundball, 56)
Top of the 13th over - 3 run(s), 2 hit(s), 1 error(s), 0 left on base; Madison 5 - Kansas City 2
BOTTOM OF THE 13TH
Kansas City Kings batting - Pitching for Madison Bombers : RHP Clint John
Now in CF: Miguel Toro
Batting: LHB Ray Spencer 0-0: Called Strike
0-1: Swinging Strike
0-2: Foul Ball, location: 2F
0-2: Ball
1-2: Strikes out swinging
Batting: RHB Eric Fuller 0-0: Called Strike
0-1: Ball
1-1: Ball
2-1: Ball
3-1: Foul Ball, location: 2F
3-2: Base on Balls
Batting: RHB Roberto García 0-0: Ball
1-0: Swinging Strike
1-1: Ball
2-1: Swinging Strike
2-2: Strikes out looking
Batting: RHB Keitaro Suzuki 0-0: DOUBLE (Line Drive, 7LM)
Eric Fuller to third
Runner from 3rd tries for Home, SAFE, no throw
Batting: RHB Dennis Garner 0-0: Ball
1-0: SINGLE (Groundball, 25) (infield hit)
Keitaro Suzuki to third
Batting: RHB Michael Thomas 0-0: Ball
1-0: Called Strike
1-1: Ball
2-1: Fielders Choice at 2nd, 6-4 (Groundball, 56)
Bottom of the 13th over - 1 run(s), 2 hit(s), 0 error(s), 1 left on base; Madison 5 - Kansas City 3
Thursday, March 30th, 2017 - OOTP Baseball 17.12 Build 75